 Dungeon Crawl Stone Soup version 0.29-a0-322-g68df515428 (webtiles) character file.

Game seed: 16927252692069311029

28205 HotDog the Basher (level 13, -2/127 HPs)
             Began as a Gargoyle Fighter on Apr 6, 2022.
             Was a Priest of Nemelex Xobeh.
             Engulfed by an ogre mage's flame (9 damage)
             ... on level 12 of the Dungeon.
             The game lasted 00:20:05 (12934 turns).

HotDog the Basher (Gargoyle Fighter)               Turns: 12934, Time: 00:20:06

Health: -2/127     AC: 26    Str: 23    XL:     13   Next: 37%
Magic:  28/28      EV:  2    Int: 13    God:    Nemelex Xobeh [***...]
Gold:   1162       SH:  6    Dex: 11    Spells: 12/12 levels left

rFire   . . .      SeeInvis +   j - +6 demon whip of Pain and Death {vorpal, rC+ MP+9 Int+4}
rCold   + . .      Faith    .   c - +0 buckler
rNeg    + . .      Spirit   .   (body armour currently unavailable)
rPois   ∞          Reflect  .   (helmet currently unavailable)
rElec   .          Harm     .   (cloak currently unavailable)
rCorr   .          Rampage  .   (gloves currently unavailable)
Will    .....      NoTele   +   (boots currently unavailable)
Stlth   +.........              f - amulet of regeneration
HPRegen 1.11/turn               E - ring of see invisible
MPRegen 0.21/turn               (no ring)

@: tree-form, elixired
A: stationary, stasis, torment immunity, boosted hp, sickness immunity, AC +9,
negative energy resistance 1, (electricity resistance), torment resistance 1,
petrification resistance
a: Renounce Religion, Draw Escape, Draw Destruction, Draw Summoning, Triple Draw


You were on level 12 of the Dungeon.
You worshipped Nemelex Xobeh.
Nemelex Xobeh was most pleased with you.
You were a tree.
You visited 2 branches of the dungeon, and saw 13 of its levels.

You collected 1162 gold pieces.

Inventory:

Hand Weapons
 a - a +1 vampiric flail
 j - the +6 demon whip of Pain and Death (weapon) {vorpal, rC+ MP+9 Int+4}
   (You acquired it on level 5 of the Dungeon)

   It inflicts extra damage upon your enemies.
   Int:       It affects your intelligence (+4).
   rC:        It protects you from cold.
   MP:        It affects your magic capacity (+9).
Armour
 b - a +0 scale mail (melded)
 c - a +0 buckler (worn)
 e - a +0 helmet (melded)
 h - a +0 pair of gloves (melded)
 m - a +1 pair of boots (melded)
 v - a +1 cloak of preservation (melded)
 y - a +0 plate armour
 G - a scarf of resistance
Jewellery
 f - an amulet of regeneration (around neck)
 E - a ring of see invisible (left branch)
 M - an amulet of reflection
 O - a +4 ring of protection
 P - a ring of ice
 Q - a ring of flight
Wands
 d - a wand of flame (31)
 A - a wand of digging (4)
 J - a wand of acid (7)
Scrolls
 i - 4 scrolls of teleportation
 l - a scroll of fog {unknown}
 n - 3 scrolls of enchant weapon
 o - 5 scrolls of enchant armour
 q - a scroll of torment
 t - 2 scrolls of identify
 u - a scroll of blinking
 w - 3 scrolls of amnesia
 x - a scroll of magic mapping
 C - a scroll of noise {unknown}
 N - 3 scrolls of holy word {unknown}
 R - a scroll of acquirement
Potions
 g - 5 potions of attraction
 p - 2 potions of lignification
 r - 2 potions of cancellation {unknown}
 s - 3 potions of curing
 z - 2 potions of might
 B - 2 potions of berserk rage {unknown}
 D - a potion of invisibility {unknown}
 F - 2 potions of brilliance {unknown}
 H - 3 potions of magic {unknown}
 I - a potion of resistance {unknown}
 K - 2 potions of haste {unknown}
 L - 2 potions of mutation {unknown}


   Skills:
 * Level 11.8 Fighting
 * Level 13.3 Maces & Flails
 * Level 10.1 Armour
 * Level 5.7 Dodging
 * Level 8.7 Shields
 * Level 8.0 Invocations


You had 12 spell levels left.
You didn't know any spells.
Your spell library contained the following spells:

 Spells                   Type           Power      Damage    Failure   Level
 Poisonous Vapours        Pois/Air       0%         N/A       50%         2
 Gell's Gravitas          Tloc           0%         N/A       75%         3
 Teleport Other           Tloc           0%         N/A       75%         3
 Alistair's Intoxication  Tmut/Pois      0%         N/A       100%        5
 Dispersal                Tloc           0%         N/A       100%        6


Dungeon Overview and Level Annotations

Branches:
Dungeon (12/15)            Temple (1/1) D:7            Lair (0/6) D:11
    Orc (0/2) D:11

Altars:
Ashenzari
Cheibriados
Dithmenos
Elyvilon
Fedhas
Gozag
Kikubaaqudgha
Makhleb
Nemelex Xobeh
Okawaru
Qazlal
Ru
Sif Muna
Trog
Uskayaw
Wu Jian
Xom
Zin
The Shining One

Shops:
D:2 =   D:3 [   D:4 *   D:8 [*


Innate Abilities, Weirdness & Mutations

You are a tree.
Your roots penetrate the ground, keeping you stationary.
You cannot be teleported.
You are immune to unholy pain and torment.
Your maximum health is greatly increased.
Your equipment is partially melded.
You are immune to sickness and miasma.
((Your stone body is resilient. (AC +9)))
You are immune to poison.
You resist negative energy. (rN+)
((You are resistant to electric shocks. (rElec)))
You are resistant to unholy torment.
You are immune to petrification.


Message History

* * * LOW HITPOINT WARNING * * *
Your +2 trident of freezing is engulfed in blazing flames.
Unknown command.
You feel much better.
You are engulfed in blazing flames.
A slime creature comes into view.
The five-headed hydra bites you.
* * * LOW HITPOINT WARNING * * *
The five-headed hydra bites you but does no damage.
The five-headed hydra bites you.
* * * LOW HITPOINT WARNING * * *
The five-headed hydra bites you.
* * * LOW HITPOINT WARNING * * *
You block the five-headed hydra's attack.
Your +2 trident of freezing is engulfed in blazing flames.
Unknown command.
Okay, then.
As you read the scroll labelled GEX ILILONISTRY, it crumbles to dust.
It is a scroll of amnesia.
You feel forgetful for a moment.
You are engulfed in blazing flames.
* * * LOW HITPOINT WARNING * * *
The five-headed hydra bites you but does no damage. x5
The forest fire spreads!
You feel better.
You are engulfed in blazing flames.
Your +2 trident of freezing is engulfed in blazing flames.
The cyclops throws a large rock.
The large rock hits your +2 trident of freezing!!
Your +2 trident of freezing is destroyed!
Your +2 trident of freezing disappears in a puff of smoke!
The five-headed hydra bites you.
* * * LOW HITPOINT WARNING * * *
The five-headed hydra bites you but does no damage.
The five-headed hydra bites you!
* * * LOW HITPOINT WARNING * * *
The five-headed hydra bites you but does no damage. x2
Unknown command.
You draw a card...
You have drawn the Elixir.
You begin rapidly regenerating health and magic.
You are engulfed in blazing flames.
You die...
Your body glows with a rainbow of weird colours and disappears.

♣...............♣.♣.♣.#.##'##
♣♣♣.♣♣♣♣♣...♣♣♣♣♣.♣..♣..#.....#
†...♣ ♣.♣.♣ ♣.......#.....+
♣♣#.♣♣♣♣♣...♣♣♣♣♣.♣..♣..#..####
♣ #...............♣.♣.♣.#..#
#####################(###..+
♣.# #O. ♣♣.♣♣#..# .♣#♣♣♣.#
#J♣♣♣#♣...♣#..# ♣......#
#CD♣§§.....#..# .♣#♣♣♣.#
#(♣§§#♣...♣# ♣.# #..C§♣#♣♣.♣♣
### ##############.### ..♣
♣♣♣.....♣♣♣ ♣..)..#
♣.♣♣♣♣.)##†##..♣♣♣♣.♣♣♣♣#
♣...♣.♣.#...#.♣.♣.....♣
♣.♣♣.♣♣.#####.♣♣.♣♣.♣♣♣
..♣♣♣♣♣♣.....♣♣♣♣♣♣...


You could see a five-headed hydra, a slime creature, an ogre mage and 2
cyclopes.

Vanquished Creatures
  Josephine (D:10)
  A hydra (D:11)
  A boulder beetle (D:10)
  2 two-headed ogres (D:10)
  A centaur warrior (D:9)
  A tengu warrior (D:9)
  6 skeletal warriors
  3 manticores
  4 ugly things (D:12)
  3 cyclopes (D:12)
  4 unseen horrors
  A kobold demonologist (D:12)
  3 trolls
  17 slime creatures (D:12)
  Sigmund (D:4)
  A shadow (D:12)
  6 wraiths
  4 wyverns
  4 basilisks
  22 yaks
  Eustachio (D:5)
  9 vampire mosquitoes
  Edmund (D:4)
  7 water moccasins
  An acid dragon (D:9)
  2 sky beasts
  2 orc warriors
  4 ogres
  4 centaurs
  A kobold brigand (D:10)
  A necrophage (D:5)
  2 bullfrogs
  A scorpion (D:11)
  A water moccasin zombie (D:6)
  A water moccasin skeleton (D:6)
  4 wights (D:8)
  A wyvern skeleton (D:6)
  3 killer bees (D:9)
  2 howler monkeys
  2 centaur zombies (D:6)
  2 bullfrog zombies (D:6)
  3 hounds
  Crazy Yiuf (D:2)
  A bullfrog skeleton (D:6)
  2 centaur skeletons (D:6)
  4 orc priests
  Ijyb (D:5)
  Natasha (thrice) (D:2)
  4 iguanas
  9 orc wizards
  2 killer bee zombies (D:6)
  8 adders
  2 shadow imps (D:6)
  3 white imps
  2 ufetubi (D:6)
  2 dart slugs
  A worm (D:3)
  33 orcs
  5 endoplasms
  A giant cockroach (D:4)
  12 hobgoblins
  2 jackals (D:3)
  11 kobolds
  2 quokkas (D:2)
  11 ball pythons
  5 bats
  3 frilled lizards
  5 goblins
  3 rats (D:2)
279 creatures vanquished.

Vanquished Creatures (collateral kills)
  A two-headed ogre (D:11)
  An unseen horror (D:11)
  An acid dragon (D:11)
  An orc warrior (D:11)
  6 orcs (D:11)
10 creatures vanquished.

Vanquished Creatures (others)
  An orc wizard (D:12)
  4 fungi
  7 plants (D:11)
  A withered plant (D:6)
13 creatures vanquished.

Grand Total: 302 creatures vanquished

Notes
Turn   | Place    | Note
-------+----------+-------------------------------------------
     0 | D:1      | HotDog the Gargoyle Fighter began the quest for the Orb.
     0 | D:1      | Reached XP level 1. HP: 14/14 MP: 1/1
   831 | D:1      | Reached XP level 2. HP: 19/19 MP: 2/2
  1471 | D:2      | Found Ahufy's Jewellery Shop.
  1533 | D:2      | Noticed Natasha
  1548 | D:2      | Killed Natasha
  1549 | D:2      | Reached XP level 3. HP: 8/23 MP: 3/3
  1874 | D:3      | Reached XP level 4. HP: 22/29 MP: 4/4
  2092 | D:3      | Reached skill level 1 in Invocations
  2514 | D:4      | Reached skill level 3 in Maces & Flails
  2514 | D:4      | Reached XP level 5. HP: 33/33 MP: 5/5
  2559 | D:4      | Noticed an ogre
  2565 | D:4      | Killed an ogre
  2566 | D:4      | Reached skill level 1 in Dodging
  2756 | D:3      | Found Oplosch's Antique Armour Shoppe.
  3059 | D:3      | Reached XP level 6. HP: 38/38 MP: 7/7
  3207 | D:2      | Noticed Natasha
  3222 | D:2      | Killed Natasha
  3603 | D:2      | Found a faded altar of an unknown god.
  3926 | D:2      | Noticed Natasha
  3943 | D:2      | Killed Natasha
  3944 | D:2      | Reached skill level 4 in Maces & Flails
  4018 | D:2      | Found a runed translucent door.
  4049 | D:2      | Noticed Crazy Yiuf
  4235 | D:2      | Killed Crazy Yiuf
  4723 | D:4      | Noticed Sigmund
  4732 | D:4      | Killed Sigmund
  4733 | D:4      | Reached skill level 5 in Maces & Flails
  4733 | D:4      | Reached XP level 7. HP: 44/44 MP: 8/8
  4746 | D:4      | Noticed Edmund
  4763 | D:4      | Killed Edmund
  4799 | D:4      | Found Gacor's General Store.
  4843 | D:4      | Reached skill level 5 in Armour
  5083 | D:5      | Entered Level 5 of the Dungeon
  5127 | D:5      | Identified a scroll of acquirement
  5129 | D:5      | Acquired the +6 demon whip of Pain and Death {vorpal, rC+
                  | MP+9 Int+4}
  5155 | D:5      | Reached XP level 8. HP: 48/48 MP: 9/9
  5248 | D:5      | Noticed Ijyb
  5257 | D:5      | Reached skill level 6 in Maces & Flails
  5265 | D:5      | Killed Ijyb
  5320 | D:5      | Reached skill level 5 in Fighting
  5363 | D:5      | Found a sacrificial altar of Ru.
  5657 | D:5      | Noticed Eustachio
  5666 | D:5      | Killed Eustachio
  5704 | D:6      | Reached skill level 5 in Shields
  5737 | D:6      | Reached skill level 7 in Maces & Flails
  5860 | D:6      | Reached XP level 9. HP: 49/54 MP: 11/11
  6271 | D:6      | Reached skill level 8 in Maces & Flails
  6490 | D:7      | Found a staircase to the Ecumenical Temple.
  6499 | Temple   | Entered the Ecumenical Temple
  6552 | Temple   | Became a worshipper of Nemelex Xobeh the Trickster
  6623 | D:7      | Found a shadowy altar of Dithmenos.
  7016 | D:7      | Found a shimmering altar of Xom.
  7210 | D:8      | You fall into a shaft and drop 1 floor!
  7355 | D:8      | Found Irrifely's Antique Armour Shop.
  7399 | D:8      | Found Lacimu's CLEARANCE SALE!.
  7413 | D:8      | Reached * piety under Nemelex Xobeh
  7494 | D:8      | Reached skill level 9 in Maces & Flails
  7503 | D:8      | Found an opulent altar of Gozag.
  7549 | D:8      | Received a gift from Nemelex Xobeh
  7620 | D:8      | Reached XP level 10. HP: 57/61 MP: 13/13
  8015 | D:9      | Found a stormy altar of Qazlal.
  8323 | D:9      | Noticed a manticore
  8324 | D:9      | Noticed a centaur warrior
  8326 | D:9      | Noticed a tengu warrior
  8338 | D:10     | Entered Level 10 of the Dungeon
  8338 | D:10     | Reached ** piety under Nemelex Xobeh
  8384 | D:10     | Found a snail-covered altar of Cheibriados.
  8534 | D:10     | Noticed a two-headed ogre
  8544 | D:10     | Killed a two-headed ogre
  8545 | D:10     | Reached skill level 10 in Maces & Flails
  8545 | D:10     | Reached skill level 5 in Invocations
  8726 | D:10     | Noticed Josephine
  9007 | D:10     | Killed Josephine
  9365 | D:10     | Noticed a two-headed ogre
  9372 | D:10     | Killed a two-headed ogre
  9373 | D:10     | Reached XP level 11. HP: 63/68 MP: 15/15
  9378 | D:10     | Reached skill level 11 in Maces & Flails
  9440 | D:10     | Noticed a boulder beetle
  9546 | D:9      | Killed a tengu warrior
  9697 | D:9      | Received a gift from Nemelex Xobeh
  9736 | D:9      | Killed a centaur warrior
  9773 | D:9      | Got the Volume of Toxins
  9839 | D:9      | Killed a manticore
 10662 | D:10     | Killed a boulder beetle
 10815 | D:11     | Reached skill level 12 in Maces & Flails
 10841 | D:11     | Found a staircase to the Lair.
 10908 | D:11     | Found a staircase to the Orcish Mines.
 10918 | D:11     | Reached XP level 12. HP: 72/75 MP: 16/16
 10920 | D:11     | Noticed a five-headed hydra
 10928 | D:11     | Killed a five-headed hydra
 10968 | D:11     | Noticed a two-headed ogre
 10989 | D:11     | Killed a two-headed ogre
 11434 | D:12     | Reached skill level 5 in Dodging
 11440 | D:12     | Acquired 505 gold pieces
 11506 | D:12     | Reached *** piety under Nemelex Xobeh
 11506 | D:12     | Received a gift from Nemelex Xobeh
 11522 | D:12     | Reached skill level 10 in Fighting
 11690 | D:11     | HP: 3/77 [skeletal warrior/+0 dire flail[a skeletal
                  | warrior] (2)]
 12536 | D:12     | Reached XP level 13. HP: 73/84 MP: 18/18
 12566 | D:12     | Reached skill level 13 in Maces & Flails
 12797 | D:12     | Reached skill level 10 in Armour
 12934 | D:12     | Engulfed by an ogre mage's flame

Illustrated notes

Levels and vault maps discovered:
D:1:      roderic_octagonal_star, layout_loops_corners,
          minmay_shallow_snake_nest
D:2:      layout_loops_ring, serial_shops, shop, nicolae_ecumenical_oubliette,
          uniq_natasha, uniq_crazy_yiuf_cottage
D:3:      kennysheep_big_flooded_room, layout_basic, serial_shops,
          nicolae_shop_stone, dk_noncrumbling_4
D:4:      layout_loops_cross, nicolae_take_the_stairs, st_stairs_4,
          sigmund_edmund_badplayer
D:5:      layout_basic, mainiacjoe_overflow_concentric_impassable,
          uniq_eustachio, uniq_ijyb
D:6:      layout_loops_cross, serial_undead, serial_undead_a, serial_undead_b,
          serial_undead_f, serial_undead_b, serial_undead_b, minivault_5,
          uniq_sigmund
D:7:      layout_loops_cross, mainiacjoe_overflow_24_doors,
          grunt_dithmenos_smoke, minmay_temple_entry_gardened_gates,
          serial_glass, glass_columns_b, glass_columns_a, glass_columns_a,
          glass_columns_b
D:8:      layout_basic, grunt_gozag_breadcrumbs, serial_shops, shop_statue,
          nicolae_shop_clearance
D:9:      layout_gridville, mainiacjoe_overflow_cross_hatched,
          statue_in_the_mist_lemuel, minmay_radiant
D:10:     layout_small_grid, lemuel_round_altar, uniq_josephine
D:11:     layout_basic, minmay_lair_entry_grove, david_orc_2,
          hangedman_abyss_or_decor_passed, chequers_jeans
D:12:     nzn_winding_woodlands_medium [nzn_winding_woodlands_5x5_three,
          nzn_winding_woodlands_5x15_cabin, nzn_winding_woodlands_5x5_perimeter,
          nzn_winding_woodlands_5x5_default,
          nzn_winding_woodlands_center_pierced_h,
          nzn_winding_woodlands_5x5_checkerboard,
          nzn_winding_woodlands_hourglass,
          nzn_winding_woodlands_5x15_concentric,
          nzn_winding_woodlands_5x5_cross], layout_stronghold
Temple:   kb_temple_of_zot

Skill      XL: |  1  2  3  4  5  6  7  8  9 10 11 12 13 |
---------------+----------------------------------------+-----
Invocations    | 1 2 3 4 5 6 7 8 |  8.0
Maces & Flails | 3 5 7 9 10 12 13 | 13.3
Armour         | 4 5 6 7 8 9 10 | 10.1
Fighting       | 4 5 6 7 8 11 | 11.8
Dodging        | 1 2 3 4 5 |  5.7
Shields        | 4 5 6 7 8 |  8.7

Action                   |  1- 3 |  4- 6 |  7- 9 | 10-12 | 13-15 || total
-------------------------+-------+-------+-------+-------+-------++-------
Melee: Flail             |    74 |   183 |    49 |       |       ||   306
       Demon whip        |       |       |   200 |   521 |   127 ||   848
Invok: Draw Destruction  |       |       |       |     6 |     2 ||     8
       Draw Summoning    |       |       |       |     1 |     1 ||     2
       Draw Escape       |       |       |       |     1 |     1 ||     2
  Use: Scroll            |     4 |     5 |     4 |     3 |     1 ||    17
       Potion            |       |     1 |       |     3 |     3 ||     7
Armor: Scale mail        |    42 |   101 |   130 |   207 |    49 ||   529
       Skin              |       |     1 |       |       |    13 ||    14
Dodge: Dodged            |    30 |    84 |   132 |   157 |    27 ||   430
Block: Buckler           |    16 |    43 |    54 |    95 |    24 ||   232

Table legend: (Time is in decaauts)
 A = Elapsed time spent in this place.
 B = Non-inter-level travel time spent in this place.
 C = Inter-level travel time spent in this place.
 D = Time resting spent in this place.
 E = Time spent auto-exploring this place.
 F = Levels seen in this place.
 G = Mean time per level.
                   A        B        C        D        E       F      G
               +--------+--------+--------+--------+--------+-----+--------+
         Total |  12739 |  11540 |   1199 |   2482 |   6784 |  13 |  979.9 |
       Dungeon |  12652 |  11486 |   1166 |   2482 |   6742 |  12 | 1054.3 |
        Temple |     87 |     54 |     33 |      0 |     42 |   1 |   87.0 |
               +--------+--------+--------+--------+--------+-----+--------+

Top non-repeatable levels by time:
     D:2: 1607 daAuts
     D:1: 1474 daAuts
     D:9: 1252 daAuts
    D:10: 1198 daAuts
    D:11: 1184 daAuts
     D:3: 1163 daAuts
     D:4: 1147 daAuts
    D:12: 850 daAuts
     D:6: 760 daAuts
     D:7: 694 daAuts
     D:8: 680 daAuts
     D:5: 638 daAuts
  Temple: 87 daAuts
